 Dungeon Crawl Stone Soup version 0.31-a0-1549-g5ff9445e89 (webtiles) character file.

Game seed: 12402986737756626380

1983 pokeman the Thaumaturge (level 9, -1/49 HPs)
             Began as a Deep Elf Hedge Wizard on Jan 2, 2024.
             Slain by a +6 spectral quarterstaff (12 damage)
             ... created by Joseph
             ... on level 7 of the Dungeon.
             The game lasted 00:12:50 (6767 turns).

pokeman the Thaumaturge (Deep Elf Hedge Wizard)     Turns: 6767, Time: 00:12:52

Health: -1/49      AC:  8    Str:  7    XL:     9   Next: 1%
Magic:  23/25      EV: 13    Int: 24    God:
Gold:   313        SH:  0    Dex: 14    Spells: 21/29 levels left

rFire   + . .        z - +2 whip (venom)
rCold   . . .        (no shield)
rNeg    . . .        b - +0 robe
rPois   .            n - +0 helmet
rElec   .            a - +0 cloak
rCorr   .            (no gloves)
SInv    .            (no boots)
Will    .....        (no amulet)
Stlth   ++           t - ring of protection from fire
HPRegen 0.28/turn    w - +4 ring of protection
MPRegen 0.19/turn

%: no passive effects
@: no status effects
A: no striking features
a: no special abilities


You were on level 7 of the Dungeon.
You visited 1 branch of the dungeon, and saw 7 of its levels.

You collected 313 gold pieces.

Inventory:

Hand Weapons
 s - the +1 war axe of Civai {vamp, +Blink rF+}
   (You found it on level 4 of the Dungeon)

   rF+:       It protects you from fire.
   +Blink:    It lets you blink.
 z - a +2 whip of venom (weapon)
Missiles
 D - a curare-tipped dart
 E - a throwing net
Armour
 a - a +0 cloak (worn)
 b - a +0 robe (worn)
 n - a +0 helmet (worn)
 o - a +1 ring mail of cold resistance
 u - a scarf of shadows
Jewellery
 i - an amulet of guardian spirit
 t - a ring of protection from fire (left hand)
 w - a +4 ring of protection (right hand)
 B - a ring of fire
Wands
 q - a wand of flame (53)
 C - a wand of acid (10)
Scrolls
 c - a scroll of revelation {unknown}
 f - 4 scrolls of identify {unknown}
 g - 2 scrolls of fog {unknown}
 h - a scroll of vulnerability {unknown}
 j - 3 scrolls of brand weapon {unknown}
 k - 6 scrolls of teleportation {unknown}
 l - 2 scrolls of immolation {unknown}
 m - a scroll of fear {unknown}
 r - a scroll of noise {unknown}
 v - a scroll of poison {unknown}
 x - a scroll of blinking {unknown}
 y - a scroll of enchant weapon {unknown}
Potions
 d - a potion of magic
 e - 2 potions of mutation {unknown}
 p - a potion of enlightenment {unknown}
 A - a potion of curing {unknown}
 F - a potion of heal wounds {unknown}
 G - a potion of degeneration {unknown}


   Skills:
 + Level 2.4 Fighting
 - Level 3.0 Armour
 - Level 3.0 Dodging
 - Level 3.0 Stealth
 * Level 10.8 Spellcasting
 + Level 7.3 Conjurations
 - Level 1.1 Summonings
 - Level 1.1 Translocations
 - Level 1.0 Air Magic
 - Level 1.0 Alchemy
 - Level 1.0 Evocations


You had 21 spell levels left.
You knew the following spells:

 Your Spells              Type           Power      Damage    Failure   Level
a - Magic Dart            Conj           100%       1d8       1%          1
b - Mephitic Cloud        Conj/Alch/Air  28%        N/A       4%          3
c - Call Imp              Summ           36%        N/A       4%          2
d - Blink                 Tloc           36%        N/A       4%          2

Your spell library contained the following spells:

 Spells                   Type           Power      Damage    Failure   Level
 Momentum Strike          Conj/Tloc      66%        3d9       1%          2
 Apportation              Tloc           36%        N/A       3%          1
 Slow                     Hex            52%        N/A       4%          1
 Lesser Beckoning         Tloc           36%        N/A       4%          2
 Cigotuvi's Dreadful Rot  Necr/Alch/Air  32%        N/A       5%          2
 Ensorcelled Hibernation  Hex/Ice        26%        N/A       8%          2
 Jinxbite                 Hex            26%        N/A       8%          2
 Sublimation of Blood     Necr           13%        N/A       8%          2
 Swiftness                Air            18%        N/A       10%         3
 Passwall                 Erth           13%        N/A       14%         3
 Alistair's Intoxication  Alch           11%        N/A       65%         5
 Malign Gateway           Summ/Tloc      9%         N/A       100%        7
 Summon Hydra             Summ           9%         N/A       100%        7
 Summon Horrible Things   Summ           9%         N/A       100%        8


Dungeon Overview and Level Annotations

Branches:
Dungeon (7/15)
 Temple: D:4-7

Altars:
Hepliaklqana
Ru
The Shining One

Annotations:
D:7 Joseph


Message History

There is a stone staircase leading down here.
You climb downwards.
Found 2 scrolls labelled VAGHUME HUBEEDGH.
There is a stone staircase leading up here.
Casting: Magic Dart (safe; 1% risk of failure)
Confirm with . or Enter, or press ? or * to list all spells.
Aiming: Mephitic Cloud (dangerous; 4% risk of failure)
Press: ? - help, Shift-Dir - straight line, f - Joseph
Aim: Joseph, wielding a +6 spectral quarterstaff and wearing a +0 leather armour (asleep, chance to affect: 72%)
The ball explodes into a vile cloud!
The stinking cloud engulfs Joseph.
Joseph shouts!
You hear a howl!
You hear a shout!
A howler monkey comes into view.
Joseph is engulfed in noxious fumes.
Joseph appears confused.
Unknown command.
Unknown command.
Joseph is engulfed in noxious fumes.
Joseph is engulfed in noxious fumes.
Joseph appears confused.
The howler monkey howls!
You hit Joseph.
Joseph is lightly wounded.
Joseph is engulfed in noxious fumes.
Joseph appears confused.
Joseph cries.
Joseph is engulfed in noxious fumes.
Joseph closely misses you. The +6 spectral quarterstaff hits you!
A +6 spectral quarterstaff comes into view.
Unknown command.
You hit Joseph but do no damage.
Joseph is poisoned.
Joseph is lightly wounded.
Joseph is engulfed in noxious fumes.
Joseph appears confused.
Joseph hits you with a +6 spectral quarterstaff!
The +6 spectral quarterstaff hits you.
Unknown command.
Joseph is engulfed in noxious fumes.
Joseph appears confused.
You hit Joseph.
Joseph looks as sick as possible!
Joseph is lightly wounded.
The +6 spectral quarterstaff disappears.
Joseph hits you with a +6 spectral quarterstaff!
* * * LOW HITPOINT WARNING * * *
The +6 spectral quarterstaff hits you!
You die...

##############
#○.@@.<.......
#.☼.(h........
#°.○..........
#.............
#.............
#.............
#.......?.....
#.....##+#####
#.....#


You could see Joseph (confused, extremely poisoned), a +6 spectral quarterstaff
(wandering) and a howler monkey.

Vanquished Creatures
  Sigmund (D:3)
  A black bear (D:6)
  2 sky beasts (D:6)
  2 ogres
  A centaur (D:6)
  2 kobold brigands (D:6)
  2 scorpions (D:5)
  3 wights (D:6)
  A howler monkey (D:5)
  5 bombardier beetles
  A jelly (D:6)
  5 hounds
  An orc priest (D:5)
  A gnoll bouda (D:6)
  3 iguanas
  Natasha (thrice) (D:3)
  2 orc wizards
  Robin (D:3)
  9 gnolls (D:6)
  2 adders
  A white imp (D:6)
  3 dart slugs
  3 ribbon worms
  14 orcs
  6 endoplasms
  3 giant cockroaches (D:2)
  7 goblins
  12 hobgoblins
  4 jackals (D:1)
  4 quokkas
  9 ball pythons
  7 bats
  3 frilled lizards
  8 kobolds
  6 rats
138 creatures vanquished.

Vanquished Creatures (collateral kills)
  4 goblins (D:3)
  A hobgoblin (D:3)
5 creatures vanquished.

Grand Total: 143 creatures vanquished

Notes
Turn   | Place    | Note
-------+----------+-------------------------------------------
     0 | D:1      | pokeman the Deep Elf Hedge Wizard began the quest for the
                  | Orb.
     0 | D:1      | Reached XP level 1. HP: 10/10 MP: 7/7
   289 | D:1      | Reached XP level 2. HP: 7/15 MP: 0/9
   810 | D:1      | Reached skill level 5 in Spellcasting
  1133 | D:2      | Reached XP level 3. HP: 20/20 MP: 8/11
  1139 | D:2      | Learned a level 3 spell: Mephitic Cloud
  1142 | D:2      | Learned a level 2 spell: Call Imp
  1145 | D:2      | Learned a level 2 spell: Blink
  2148 | D:3      | Noticed Robin
  2150 | D:3      | Reached skill level 1 in Fighting
  2152 | D:3      | Reached skill level 1 in Armour
  2169 | D:3      | Killed Robin
  2192 | D:3      | Reached XP level 4. HP: 8/25 MP: 2/13
  2368 | D:3      | Noticed Natasha
  2378 | D:3      | Killed Natasha
  2502 | D:3      | Noticed Sigmund
  2519 | D:3      | Killed Sigmund
  2520 | D:3      | Reached XP level 5. HP: 29/29 MP: 8/15
  2658 | D:3      | Noticed Natasha
  2669 | D:3      | Killed Natasha
  2670 | D:3      | Reached XP level 6. HP: 13/34 MP: 4/16
  2843 | D:3      | Reached skill level 6 in Spellcasting
  2843 | D:3      | Reached skill level 5 in Conjurations
  3112 | D:3      | Noticed Natasha
  3116 | D:3      | Killed Natasha
  3179 | D:3      | Found a faded altar of an unknown god.
  3421 | D:4      | Found a glowing golden altar of the Shining One.
  3509 | D:4      | Identified the +1 war axe of Civai {vamp, +Blink rF+}
  3901 | D:4      | Reached skill level 1 in Air Magic
  3901 | D:4      | Reached skill level 1 in Alchemy
  4303 | D:5      | Entered Level 5 of the Dungeon
  4338 | D:5      | Reached XP level 7. HP: 38/38 MP: 14/19
  4391 | D:5      | Reached skill level 1 in Evocations
  4401 | D:5      | Reached skill level 7 in Spellcasting
  4658 | D:5      | Reached skill level 8 in Spellcasting
  4939 | D:5      | Reached XP level 8. HP: 44/44 MP: 17/22
  4963 | D:5      | Found a sacrificial altar of Ru.
  5596 | D:6      | Reached skill level 9 in Spellcasting
  5773 | D:6      | Reached skill level 10 in Spellcasting
  6025 | D:6      | Found a hazy altar of Hepliaklqana.
  6495 | D:6      | Reached XP level 9. HP: 47/49 MP: 20/25
  6759 | D:7      | Noticed Joseph
  6767 | D:7      | Slain by a +6 spectral quarterstaff

Illustrated notes

Levels and vault maps discovered:
D:1:      minmay_arrival_checkered_box, layout_rooms
D:2:      layout_rooms
D:3:      layout_basic, hellmonk_ecumenical_altar_arch_garden,
          minmay_diced_spiral, uniq_sigmund, uniq_robin, uniq_natasha
D:4:      wad_lake_hut, layout_rooms, tso_oasis_becter,
          chequers_serial_rivers_small_b
D:5:      layout_loops_cross, nicolae_ru_the_path_less_chosen,
          hangedman_minor_gate_pass
D:6:      layout_basic, nicolae_hepliaklqana_hazy_memory, st_stairs_2
D:7:      layout_gridville, minmay_temple_entry_drinking_statues, serial_shops,
          nicolae_shop_waterfront, uniq_joseph, uniq_menkaure,
          uniq_crazy_yiuf_cottage

Skill      XL: |  1  2  3  4  5  6  7  8 |
---------------+-------------------------+-----
Spellcasting   | 5 6 8 10 | 10.8
Conjurations   | 2 4 5 6 7 |  7.3
Fighting       | 1 2 |  2.4
Armour         | 1 3 |  3.0
Stealth        | 3 |  3.0
Dodging        | 3 |  3.0
Air Magic      | 1 |  1.0
Alchemy        | 1 |  1.0
Evocations     | 1 |  1.0
Summonings     | |  1.1
Translocations | |  1.1

Action                     |  1- 3 |  4- 6 |  7- 9 || total
---------------------------+-------+-------+-------++-------
  Melee: Dagger            |    40 |    23 |       ||    63
         War axe           |       |    10 |     7 ||    17
         Punch             |       |     1 |     1 ||     2
         Whip              |       |       |    81 ||    81
   Cast: Magic Dart        |   130 |    93 |    95 ||   318
         Call Imp          |     5 |     1 |     2 ||     8
         Mephitic Cloud    |     2 |     6 |    18 ||    26
   Stab: Confused          |     3 |     2 |     8 ||    13
 Armour: Robe              |    33 |    21 |    48 ||   102
  Dodge: Dodged            |    30 |    27 |    47 ||   104

Table legend: (Time is in decaauts)
 A = Elapsed time spent in this place.
 B = Non-inter-level travel time spent in this place.
 C = Inter-level travel time spent in this place.
 D = Time resting spent in this place.
 E = Time spent auto-exploring this place.
 F = Levels seen in this place.
 G = Mean time per level.
                   A        B        C        D        E       F      G
               +--------+--------+--------+--------+--------+-----+--------+
         Total |   6813 |   6655 |    158 |    136 |   5530 |   7 |  973.3 |
       Dungeon |   6813 |   6655 |    158 |    136 |   5530 |   7 |  973.3 |
               +--------+--------+--------+--------+--------+-----+--------+

Top non-repeatable levels by time:
     D:3: 1498 daAuts
     D:5: 1237 daAuts
     D:6: 1228 daAuts
     D:1: 1060 daAuts
     D:4: 999 daAuts
     D:2: 781 daAuts
     D:7: 7 daAuts
